 Dungeon Crawl Stone Soup version 0.17.0-28-g6e173f8 (webtiles) character file.

74 ScrollsCollector the Insei (level 4, -5/24 HPs)
             Began as a Vine Stalker Monk on Nov 27, 2015.
             Killed from afar by Natasha (6 damage)
             ... with a magic dart
             ... on level 2 of the Dungeon.
             The game lasted 00:07:36 (2384 turns).

ScrollsCollector the Insei (Vine Stalker Monk)      Turns: 2384, Time: 00:07:36

Health: -5/24      AC:  2    Str: 14    XL:     4   Next: 30%
Magic:  0/5        EV: 13    Int: 10    God:
Gold:   126        SH:  0    Dex: 17    Spells: 0 memorised, 3 levels left

rFire  . . .     SeeInvis .       - Unarmed
rCold  . . .     Clarity  .     h - +0 robe
rNeg   . . .     SustAt   .     (no shield)
rPois  .         Gourm    .     (no helmet)
rElec  .         Spirit   +     (no cloak)
rCorr  .         Warding  .     (no gloves)
rMut   .         Stasis   .     (no boots)
MR     .....                    (no amulet)
Stlth  ++........               (no ring)
                                (no ring)

@: not resistant to hostile enchantments, unstealthy
A: fangs 2, regeneration 1, magic shield, antimagic bite, no device heal 3, rot
immunity
a: no special abilities


You were on level 2 of the Dungeon.
You were hungry.

You visited 1 branch of the dungeon, and saw 3 of its levels.

You collected 126 gold pieces.

Inventory:

Armour
 a - a +0 robe
 h - a +0 robe (worn)
Scrolls
 e - 2 scrolls of remove curse {unknown}
 k - a scroll of identify {unknown}
 l - a scroll of fear {unknown}
 n - a scroll of fog {unknown}
Potions
 g - a potion of degeneration {unknown}
 i - a potion of curing {unknown}
 j - a potion of magic {unknown}
 m - a potion of resistance {unknown}
Comestibles
 b - 2 bread rations
 c - 2 fruits
 d - a beef jerky
 f - 2 meat rations


   Skills:
 + Level 3.3 Fighting
 + Level 3.0 Dodging
 + Level 2.9 Stealth
 + Level 4.6 Unarmed Combat


You had 3 spell levels left.
You didn't know any spells.

Dungeon Overview and Level Annotations

Branches:
Dungeon (3/15)

Altars:

Annotations:
D:2 Natasha
D:3 attackplan's ghost, amateur HOGl


Innate Abilities, Weirdness & Mutations

You have extremely sharp teeth.
Your natural rate of healing is unusually fast.
When hurt, damage is shared between your health and your magic reserves.
Your bite disrupts and absorbs the magic of your enemies.
Potions and wands cannot restore your health.
You are immune to rotting.


Message History

There is a stone staircase leading down here.
You barely miss Natasha.
Natasha is heavily wounded.
Natasha casts a spell.
You closely miss Natasha. You bite Natasha.
Natasha's magic leaks into the air.
You drain her magic.
You feel invigorated.
Natasha is severely wounded.
Natasha casts a spell at you. The magic dart hits you!
* * * LOW HITPOINT WARNING * * *
You barely miss Natasha. Your bite misses Natasha.
Natasha is severely wounded.
The crimson imp shouts, "Kneel, thou gorbellied mumble-news dewberry!"
Natasha barely misses you.
You miss Natasha.
Natasha is severely wounded.
The crimson imp hits you but does no damage.
Natasha stares at you and mumbles some strange words.
The magic dart hits you!
You die...

####.# #.#.#####......# ## #.#
#.#.......#...## # #.#
#.##########.## ##.## #.# #.#
#...# #.# #.# #.#.# #####.#####
##'## #...# #.........# ##...##
####.# #....h###.# ##...(.##
##.##.# #..#.5@##.###.......##
#...#.#####.......#.##.........##
...............[...............'.
#...#.#.#.###..................##
#..##.#.#.# #.##.####.#.......##
#..##.#.#.# #.#### #.##.....##
#.....#.#.# #.##### #.###...##
#...###.#.# #.....# #.# ##+##
#...###.#.# #.###.# #.# #.#


You could see Natasha and a crimson imp.

Vanquished Creatures
  2 adders
  An ooze (D:1)
  4 worms (D:2)
  A giant gecko (D:1)
  An orc (D:2)
  2 giant cockroaches (D:1)
  3 goblins
  7 hobgoblins
  5 kobolds
  6 bats
  3 giant newts
  5 rats
40 creatures vanquished.

Notes
Turn   | Place    | Note
--------------------------------------------------------------
     0 | D:1      | ScrollsCollector the Vine Stalker Monk began the quest for the Orb.
     0 | D:1      | Reached XP level 1. HP: 11/11 MP: 2/2
   192 | D:1      | Reached XP level 2. HP: 13/16 MP: 3/3
   857 | D:1      | Reached XP level 3. HP: 16/19 MP: 2/4
  2072 | D:2      | Reached XP level 4. HP: 16/24 MP: 3/5
  2363 | D:3      | Noticed Natasha
  2375 | D:3      | Noticed attackplan's ghost (amateur HOGl)
  2382 | D:2      | HP: 1/24 [Natasha/magic dart (6)]
  2384 | D:2      | Killed from afar by Natasha

Action                   |  1- 3 |  4- 6 || total
-------------------------+-------+-------++-------
Melee: Unarmed           |   145 |    22 ||   167
 Stab: Sleeping          |     5 |       ||     5
       Distracted        |     1 |       ||     1
  Eat: Chunk             |     4 |       ||     4
